details: 'Tower rush'

« prev index next »

General information

Mini Map

Players

team 1
Random» Undeadhamboness (purple | 37 APM | 501 actions | 13:24)
Hero icon 2 Dreadlord
Ability icon 1 Sleep
Ability icon 1 Vampiric Aura
Hero icon 1 Death Knight
Ability icon 1 Death Coil

» actions
Build / train33
Enter build submenu16
Enter hero's abilities submenu3
Remove unit from queue1
Right click201
Select / deselect224
Use ability23
501 total
» units
Acolyte3
Ghoul3
Crypt Fiend6
Meatwagon9
Necromancer1
22 total
» upgrades
Necromancer Training1
Skeletal Longevity1
2 total
» buildings
Ziggurat5
Crypt2
Altar of Darkness1
Graveyard1
Nerubian Tower1
Halls of the Dead1
Slaughterhouse1
Spirit Tower1
Temple of the Damned1
14 total
» build order
00:24 Ziggurat
00:53 Crypt
00:56 Altar of Darkness
01:04 Graveyard
01:16 Nerubian Tower
01:34 Ziggurat
02:02 Crypt
03:39 Halls of the Dead
04:46 Ziggurat
06:06 Slaughterhouse
06:08 Spirit Tower
06:33 Ziggurat
07:03 Temple of the Damned
07:31 Ziggurat
team 2
HumanKnown2Own (orange | 84 APM | 1126 actions | 13:25)
Hero icon 3 Goblin Tinker
Ability icon 1 Pocket Factory
Ability icon 2 Engineering Upgrade

» actions
Assign group hotkey7
Basic commands25
Build / train76
ESC pressed2
Enter build submenu29
Enter hero's abilities submenu3
Right click589
Select / deselect324
Select group hotkey22
Use ability49
1126 total
» units
Peasant23
Mortar Team10
33 total
» upgrades
Masonry2
Lumber Harvesting1
3 total
» buildings
Lumber Mill1
Altar of Kings1
Farm5
Scout Tower17
Arcane Tower6
Guard Tower22
Arcane Vault1
Keep2
Blacksmith1
Workshop2
Arcane Sanctum1
59 total
» build order
00:08 Lumber Mill
00:12 Altar of Kings
00:15 Farm
01:12 Scout Tower
01:13 Scout Tower
01:38 Arcane Tower
01:52 Farm
02:11 Guard Tower
02:11 Guard Tower
02:11 Guard Tower
02:11 Guard Tower
02:36 Scout Tower
02:37 Scout Tower
02:42 Scout Tower
03:06 Guard Tower
03:10 Scout Tower
03:26 Scout Tower
03:43 Arcane Vault
03:45 Guard Tower
03:50 Scout Tower
04:03 Guard Tower
04:16 Scout Tower
04:18 Scout Tower
04:40 Guard Tower
05:03 Guard Tower
05:03 Guard Tower
05:03 Guard Tower
05:10 Guard Tower
05:33 Farm
05:40 Scout Tower
05:41 Scout Tower
05:42 Scout Tower
06:17 Keep
06:17 Keep
06:29 Guard Tower
06:32 Guard Tower
06:33 Guard Tower
06:33 Guard Tower
06:41 Guard Tower
06:56 Blacksmith
07:12 Scout Tower
07:15 Scout Tower
07:16 Scout Tower
07:20 Scout Tower
07:41 Guard Tower
07:47 Guard Tower
07:54 Arcane Tower
07:54 Arcane Tower
07:55 Arcane Tower
07:55 Arcane Tower
08:47 Workshop
08:49 Workshop
08:52 Farm
10:18 Farm
12:02 Arcane Sanctum
» items
Potion of Healing1
Scroll of Regeneration2
3 total